 Dungeon Crawl Stone Soup version 0.31-a0-983-g7b6862f502 (webtiles) character file.

Game seed: 14042363209892220444

254 IdlyInterested the Ruffian (level 5, 0/38 HPs)
             Began as a Demonspawn Gladiator on Nov 2, 2023.
             Slain by Eustachio
             ... wielding a +2 rapier of freezing
              (8 damage)
             ... on level 4 of the Dungeon.
             The game lasted 00:09:32 (3190 turns).

IdlyInterested the Ruffian (Demonspawn Gladiator)   Turns: 3190, Time: 00:09:34

Health: 0/38       AC:  8    Str: 16    XL:     5   Next: 91%
Magic:  5/5        EV: 11    Int: 10    God:
Gold:   71         SH:  0    Dex: 14    Spells: 4/4 levels left

rFire   . .          .
                       - Unarmed
rCold   . . .        (no shield)
rNeg    . . .        f - +0 scale mail
rPois   .            c - +0 helmet
rElec   .            t - +0 cloak
rCorr   .            (no gloves)
SInv    .            (no boots)
Will    .....        (no amulet) Stlth
                     (no ring)
HPRegen 0.26/turn    (no ring)
MPRegen 0.09/turn

%: no passive effects
@: mighty
A: claws 1, demonic guardian 1, sturdy frame 1
a: no special abilities


You were on level 4 of the Dungeon.
You visited 1 branch of the dungeon, and saw 4 of its levels.

You collected 152 gold pieces.
You spent 81 gold pieces at shops.

Inventory:

Hand Weapons
 a - a +0 long sword
 i - a +2 dagger of venom
 u - a +0 rapier
Missiles
 d - 3 throwing nets
 e - a javelin
 g - 33 stones (quivered)
Armour
 b - a +0 leather armour
 c - a +0 helmet (worn)
 f - a +0 scale mail (worn)
 t - a +0 cloak (worn)
Magical Staves
 n - a staff of cold
Jewellery
 p - an amulet of faith
Scrolls
 j - 2 scrolls of fog
 l - a scroll of enchant armour
 m - a scroll of brand weapon
 o - a scroll of fear
 q - 2 scrolls of amnesia {unknown}
 r - 2 scrolls of poison {unknown}
Potions
 h - a potion of brilliance {unknown}
 s - a potion of magic {unknown}
 v - a potion of attraction {unknown}
 w - a potion of ambrosia {unknown}
 x - a potion of curing {unknown}


   Skills:
 - Level 2.0 Fighting
 - Level 3.1 Long Blades
 - Level 2.0 Throwing
 - Level 3.0 Dodging
 * Level 4.8 Unarmed Combat


You had 4 spell levels left.
You didn't know any spells.
Your spell library contained the following spells:

 Spells                   Type           Power      Damage    Failure   Level
 Summon Forest            Summ/Tloc      0%         N/A       100%        5
 Eringya's Noxious Bog    Tmut/Pois      0%         4d6       100%        6
 Summon Hydra             Summ           0%         N/A       100%        7


Dungeon Overview and Level Annotations

Branches:
Dungeon (4/15)
 Temple: D:4-7

Altars:
Cheibriados
Fedhas
Kikubaaqudgha
Xom

Shops:
D:1 *

Annotations:
D:4 Eustachio


Innate Abilities, Weirdness & Mutations

You have sharp fingernails.
A weak demonic guardian rushes to your aid.
Your movements are slightly less encumbered by armour. (ER -2)


Message History

Eustachio hits you with a +2 rapier of freezing.
Eustachio freezes you.
* * * LOW HITPOINT WARNING * * *
A demonic guardian appears!
The iron imp hits you.
* * * LOW HITPOINT WARNING * * *
Eustachio casts a spell.
Eustachio blinks!
The iron imp hits your shadow imp!
Your shadow imp dies!
Your shadow imp disappears in a puff of smoke!
You miss Eustachio.
Eustachio is heavily wounded.
Eustachio gestures wildly while chanting.
Eustachio blinks!
You feel very mighty all of a sudden.
The white imp disappears in a puff of smoke!
You scratch the iron imp. Your claw misses the iron imp.
The iron imp is moderately wounded.
The iron imp barely misses you.
You scratch Eustachio.
Eustachio is heavily wounded.
The iron imp barely misses you.
Eustachio hits you with a +2 rapier of freezing.
* * * LOW HITPOINT WARNING * * *
Eustachio freezes you.
* * * LOW HITPOINT WARNING * * *
A demonic guardian appears!
You claw Eustachio!
Eustachio is almost dead.
Your ufetubus hits the iron imp.
Your ufetubus hits the iron imp but does no damage.
Eustachio mumbles some strange words.
The iron imp hits you but does no damage.
You closely miss Eustachio.
Eustachio is almost dead.
The iron imp disappears in a puff of smoke!
The ufetubus hits your ufetubus. x2
Eustachio hits you with a +2 rapier of freezing!
You die...
Eustachio says, "Such is the fate of all honourless rascals."

##### ####### #(.(.
#.....###### #.....
#.....'..... +.....
#.....#.....
#.....#########.....#'####
#...5..#...##.......###
#....5@#....#.......#..
#..)55@#....#.......'..
#......#....'.......#..
#......######.......##+
#...............††.....
#...............†..†...
#######......#######...
.........# #...
..........# #...
....##.....# #...


You could see Eustachio, a crimson imp (summoned), a white imp (summoned), an
ufetubus (summoned, ally target) and a friendly ufetubus (summoned).

Vanquished Creatures
  2 orc priests (D:3)
  A hound (D:4)
  4 gnolls (D:3)
  5 adders
  A worm (D:2)
  2 dart slugs
  5 orcs
  6 ball pythons
  4 endoplasms
  4 giant cockroaches
  6 goblins
  6 hobgoblins
  4 jackals (D:4)
  2 quokkas
  3 bats
  6 frilled lizards
  3 kobolds (D:1)
  2 rats (D:1)
66 creatures vanquished.

Vanquished Creatures (collateral kills)
  2 orcs (D:3)
  A giant cockroach (D:3)
3 creatures vanquished.

Vanquished Creatures (others)
  A human (D:4)
1 creature vanquished.

Grand Total: 70 creatures vanquished

Notes
Turn   | Place    | Note
-------+----------+-------------------------------------------
     0 | D:1      | IdlyInterested the Demonspawn Gladiator began the quest for
                  | the Orb.
     0 | D:1      | Reached XP level 1. HP: 16/16 MP: 1/1
    38 | D:1      | Found a faded altar of an unknown god.
   179 | D:1      | Gained mutation: You have sharp fingernails. [demonic
                  | ancestry]
   179 | D:1      | Reached XP level 2. HP: 21/22 MP: 2/2
   231 | D:1      | Found Julidad's Assorted Antiques.
   798 | D:1      | Bought a scroll labelled SATTIV LUDDE for 29 gold pieces
   837 | D:2      | Reached skill level 1 in Unarmed Combat
   917 | D:2      | Gained mutation: A weak demonic guardian rushes to your
                  | aid. [demonic ancestry]
   917 | D:2      | Reached XP level 3. HP: 23/27 MP: 3/3
  1015 | D:2      | Found a snail-covered altar of Cheibriados.
  1459 | D:2      | Reached skill level 2 in Unarmed Combat
  1710 | D:1      | Bought a lumpy grey potion for 26 gold pieces
  1710 | D:1      | Bought a sapphire potion for 26 gold pieces
  2074 | D:3      | Reached XP level 4. HP: 33/33 MP: 4/4
  2079 | D:3      | Reached skill level 3 in Unarmed Combat
  2120 | D:3      | Gained mutation: Your movements are slightly less
                  | encumbered by armour. (ER -2) [demonic ancestry]
  2120 | D:3      | Reached XP level 5. HP: 17/38 MP: 5/5
  2126 | D:3      | Reached skill level 4 in Unarmed Combat
  2807 | D:4      | Found an ancient bone altar of Kikubaaqudgha.
  2808 | D:4      | Noticed a human
  2811 | D:4      | Killed a human
  3112 | D:4      | Found a blossoming altar of Fedhas.
  3155 | D:4      | Found a shimmering altar of Xom.
  3161 | D:4      | Noticed Eustachio
  3190 | D:4      | Slain by Eustachio

Illustrated notes

Levels and vault maps discovered:
D:1:      lightli_arrival_farm, layout_loops_ring, basic_ecumenical_altar,
          serial_shops, shop
D:2:      layout_basic, basic_altar, skrybe_limestone_x, nicolae_hexahallways
D:3:      layout_basic
D:4:      layout_gridville, tgw_kikubaaqudgha,
          nicolae_overflow_macrodata_refinement, minmay_ogre_servants,
          uniq_eustachio, uniq_pikel

Skill      XL: |  1  2  3  4  5 |
---------------+----------------+-----
Long Blades    | 3 |  3.1
Throwing       | 2 |  2.0
Unarmed Combat | 1 2 3 4 |  4.8
Dodging        | 3 |  3.0
Fighting       | |  2.0

Action                     |  1- 3 |  4- 6 || total
---------------------------+-------+-------++-------
  Melee: Dagger            |   108 |    10 ||   118
         Long sword        |     4 |       ||     4
         Punch             |     1 |     4 ||     5
         Unarmed           |       |    84 ||    84
  Throw: Stone             |     6 |     5 ||    11
         Javelin           |     1 |       ||     1
         Dart              |       |     3 ||     3
    Use: Potion            |     1 |     2 ||     3
         Scroll            |       |     5 ||     5
   Stab: Sleeping          |     2 |       ||     2
 Armour: Leather armour    |    13 |       ||    13
         Scale mail        |    45 |    74 ||   119
  Dodge: Dodged            |    43 |    67 ||   110

Table legend: (Time is in decaauts)
 A = Elapsed time spent in this place.
 B = Non-inter-level travel time spent in this place.
 C = Inter-level travel time spent in this place.
 D = Time resting spent in this place.
 E = Time spent auto-exploring this place.
 F = Levels seen in this place.
 G = Mean time per level.
                   A        B        C        D        E       F      G
               +--------+--------+--------+--------+--------+-----+--------+
         Total |   3199 |   2826 |    373 |    220 |   1886 |   4 |  799.8 |
       Dungeon |   3199 |   2826 |    373 |    220 |   1886 |   4 |  799.8 |
               +--------+--------+--------+--------+--------+-----+--------+

Top non-repeatable levels by time:
     D:2: 1056 daAuts
     D:1: 901 daAuts
     D:3: 790 daAuts
     D:4: 451 daAuts
